 Dungeon Crawl Stone Soup version 0.20.0-9-g8272e65 (webtiles) character file.

51 Darkell the Chiller (level 3, -1/24 HPs)
             Began as a Demonspawn Ice Elementalist on June 3, 2017.
             Slain by a jackal (3 damage)
             ... on level 2 of the Dungeon.
             The game lasted 00:01:52 (2000 turns).

Darkell the Chiller (Demonspawn Ice Elementalist)   Turns: 2000, Time: 00:01:53

Health: -1/24      AC:  2    Str:  8    XL:     3   Next: 57%
Magic:  6/6        EV: 12    Int: 17    God:
Gold:   69         SH:  0    Dex: 13    Spells: 5/6 levels left

rFire    . . .     SeeInvis .   h - +0 short sword
rCold    . . .     Gourm    .   (no shield)
rNeg     . . .     Faith    .   a - +0 robe
rPois    .         Spirit   .   (helmet restricted)
rElec    .         Reflect  .   (no cloak)
rCorr    .         Harm     .   (no gloves)
MR       +....                  (no boots)
Stlth    ++........             (no amulet)
Regen    0.1/turn               d - ring of protection from magic
MPRegen  0.1/turn               (no ring)

@: lethally poisoned (-1 -> -5), invisible
A: antennae 2
a: no special abilities


You were on level 2 of the Dungeon.
You were not hungry.

You visited 1 branch of the dungeon, and saw 2 of its levels.

You collected 69 gold pieces.

Inventory:

Hand Weapons
 h - a +0 short sword (weapon)
Armour
 a - a +0 robe (worn)
Jewellery
 d - a ring of protection from magic (left hand)
Scrolls
 e - 2 scrolls of teleportation {unknown}
 f - a scroll of identify {unknown}
 k - a scroll of amnesia {unknown}
 m - a scroll of fog {unknown}
Potions
 l - a potion of curing
Books
 b - a book of Frost

   Spells                             Type                      Level
   a - Freeze                         Ice                          1
   b - Throw Frost                    Conjuration/Ice              2
   c - Ozocubu's Armour               Charms/Ice                   3
   d - Throw Icicle                   Conjuration/Ice              4
   e - Summon Ice Beast               Ice/Summoning                4
Comestibles
 c - a bread ration
 g - a fruit
 n - a chunk of flesh


   Skills:
 - Level 1.7 Dodging
 - Level 1.7 Stealth
 - Level 2.0 Spellcasting
   Level 1.0 Conjurations
 + Level 4.2 Ice Magic


You had 5 spell levels left.
You knew the following spells:

 Your Spells              Type           Power        Failure   Level  Hunger
a - Freeze                Ice            ###.         3%          1    #......


Dungeon Overview and Level Annotations

Branches:
Dungeon (2/15)

Altars:
Gozag


Innate Abilities, Weirdness & Mutations

You have a pair of antennae on your head.


Message History

Aim: a worm (heavily wounded)
You freeze the worm.
The worm is severely wounded.
You feel sick. The adder bites you. The jackal closely misses you.
The worm misses you. The adder barely misses you. The jackal bites you.
* * * LOW HITPOINT WARNING * * *
The adder barely misses you.
The jackal bites you but does no damage.
The jackal bites you.
* * * LOW HITPOINT WARNING * * *
* * * LOW HITPOINT WARNING * * *
You feel sick. The jackal barely misses you.
It was a potion of magic.
Magic courses through your body. The jackal bites you.
* * * LOW HITPOINT WARNING * * *
It was a potion of invisibility.
You fade into invisibility!
The jackal bites you.
You die...

... .#. .#.###
###.#.=. # ####
#....$$# =#
...#####..###.# .#
#........@hSw#..#
#........##b....#
#........##.....#
#......รท.##....##
####
#####.#####.####
...# #####.#####.#
.##..##........#..#
...............#<##
...............#.


You could see a worm, an adder, a jackal and a bat.

Vanquished Creatures
  2 adders (D:2)
  An ooze (D:1)
  A dart slug (D:2)
  6 bats
  A giant cockroach (D:2)
  3 goblins
  6 hobgoblins
  A frilled lizard (D:1)
  A kobold (D:2)
  5 rats
27 creatures vanquished.

Notes
Turn   | Place    | Note
-------+----------+-------------------------------------------
     0 | D:1      | Darkell the Demonspawn Ice Elementalist began the quest for the Orb.
     0 | D:1      | Reached XP level 1. HP: 13/13 MP: 3/3
   119 | D:1      | Reached skill level 3 in Ice Magic
   491 | D:1      | Gained mutation: You have a pair of small antennae on your head. [demonic ancestry]
   491 | D:1      | Reached XP level 2. HP: 18/19 MP: 3/5
  1378 | D:2      | Gained mutation: You have a pair of antennae on your head. [demonic ancestry]
  1378 | D:2      | Reached XP level 3. HP: 3/24 MP: 0/6
  1389 | D:2      | HP: 1/24 [poisoned by an adder]
  1392 | D:2      | Found an opulent altar of Gozag.
  1488 | D:2      | Reached skill level 4 in Ice Magic
  2000 | D:2      | Slain by a jackal

Skill      XL: |  1  2  3 |
---------------+----------+-----
Ice Magic      | 3 4 |  4.2
Dodging        | |  1.7
Stealth        | |  1.7
Spellcasting   | |  2.0
Conjurations   | |  1.0

Action                   || total
-------------------------++-------
Melee: Unarmed           ||     9
       Short sword       ||    13
 Cast: Freeze            ||    48
  Use: Potion            ||     3
 Stab: Sleeping          ||     1
  Eat: Chunk             ||     4
Armor: Robe              ||    15
Dodge: Dodged            ||    40
